 Dungeon Crawl Stone Soup version 0.31.0-12-g77e489cdc1 (webtiles) character file.

Game seed: 7074068383096122994

374 Gadfly the Sneak (level 6, -5/30 HPs)
             Began as a Spriggan Enchanter on Feb 16, 2024.
             Was an Initiate of Gozag.
             Killed by divine providence
             ... invoked by an orc priest
              (13 damage)
             ... on level 5 of the Dungeon.
             The game lasted 00:05:59 (3862 turns).

Gadfly the Sneak (Spriggan Enchanter)               Turns: 3862, Time: 00:06:02

Health: -5/30      AC: 10    Str:  4    XL:     6   Next: 43%
Magic:  13/13      EV: 19    Int: 17    God:    Gozag
Gold:   318        SH:  0    Dex: 17    Spells: 5/13 levels left

rFire   . . .        a - +1 dagger (venom)
rCold   . . .        (no shield)
rNeg    . . .        b - +0 robe
rPois   .            (helmet restricted)
rElec   .            (no cloak)
rCorr   .            (gloves unavailable)
SInv    +            (boots unavailable)
Will    +....        (no amulet)
Stlth   +++          i - +4 ring of protection
HPRegen 0.25/turn    l - +4 ring of protection
MPRegen 0.13/turn

%: no passive effects
@: very quick
A: very small, no large weapons, unfitting armour, see invisible, speed 3
a: Renounce Religion, Potion Petition, Call Merchant, Bribe Branch


You were on level 5 of the Dungeon.
You worshipped Gozag.
Gozag was aware of your devotion.
You visited 1 branch of the dungeon, and saw 5 of its levels.

You collected 386 gold pieces.
You paid 68 gold pieces to Gozag.

Inventory:

Hand Weapons
 a - a +1 dagger of venom (weapon)
Armour
 b - a +0 robe (worn)
Jewellery
 i - a +4 ring of protection (left hand)
 l - a +4 ring of protection (right hand)
Wands
 m - a wand of iceblast (9)
Scrolls
 e - a scroll of blinking
 h - 3 scrolls of teleportation
 o - a scroll of fear
Potions
 c - 2 potions of invisibility
 f - 2 potions of lignification
 g - 2 potions of might
 j - a potion of attraction
 k - a potion of enlightenment
 n - 2 potions of haste
 p - 2 potions of berserk rage


   Skills:
 + Level 1.9 Fighting
 + Level 2.8 Short Blades
 + Level 4.2 Dodging
 + Level 5.8 Stealth
 + Level 4.0 Spellcasting
 + Level 4.5 Hexes
 + Level 3.0 Evocations


You had 5 spell levels left.
You knew the following spells:

 Your Spells              Type           Power      Damage    Failure   Level
a - Ensorcelled Hibernat  Hex/Ice        22%        N/A       10%         2
b - Confusing Touch       Hex            18%        N/A       7%          3
c - Tukima's Dance        Hex            18%        N/A       7%          3

Your spell library contained the following spells:

 Spells                   Type           Power      Damage    Failure   Level
 Dazzling Flash           Conj/Hex       22%        N/A       19%         3
 Passage of Golubria      Tloc           3%         N/A       83%         4
 Silence                  Hex/Air        5%         N/A       86%         5
 Lehudib's Crystal Spear  Conj/Erth      1%         10d2      100%        8


Dungeon Overview and Level Annotations

Branches:
Dungeon (5/15)
 Temple: D:4-7

Altars:
Elyvilon
Fedhas
Gozag
Hepliaklqana
Kikubaaqudgha
Uskayaw
Vehumet
Xom
The Shining One


Innate Abilities, Weirdness & Mutations

You are very small and have problems with some larger weapons.
You are too small for most types of armour.
You have supernaturally acute eyesight. (SInv)
You cover ground extremely quickly. (Speed+++)


Message History

You now have 296 gold pieces (gained 6).
Found a sling.
Found a stone staircase leading down.
You see here a +0 sling.
You now have 307 gold pieces (gained 11).
A jackal comes into view. x2
The jackal moves out of view.
There is a stone staircase leading down here.
A jackal is nearby!
The jackal barks!
The jackal looks drowsy...
The jackal barks!
The helpless jackal fails to defend itself.
You impale the jackal!!
You kill the jackal!
The jackal barely misses you.
The jackal looks drowsy...
The helpless jackal fails to defend itself.
You impale the jackal!!
You kill the jackal!
You now have 313 gold pieces (gained 6).
You now have 318 gold pieces (gained 5). 2 orc priests come into view.
Found a stone staircase leading up.
There are monsters nearby!
There are monsters nearby!
There are monsters nearby!
The orc priest shouts! x2
The orc priest invokes the aid of Beogh against you.
Beogh smites you!
An orc priest comes into view. It is wielding a +0 mace.
The orc priest shouts!
Found a robe.
The orc priest calls down the wrath of Beogh upon you.
Beogh smites you!
* * * LOW HITPOINT WARNING * * *
The orc priest mumbles some strange prayers to Beogh against you.
Beogh smites you!
You die...
Your body crumbles into a pile of gold.

##### #.##.# #.#
.....###.##.#
#.#
.........##.#
#.#
.###.##..##.#
#.# ##.##..##.#
#.#
#......##.###
#.#
.##............
..#
...oo..##.######
##o......@#
.......##.#
..<...[ #$#
##.#### #.# #.
..# # ###


You could see 3 orc priests.

Vanquished Creatures
  A scorpion (D:5)
  The ghost of GrumpyGrim72 the Conjurer, a weakling DECj (D:4)
  A jelly (D:5)
  Natasha (thrice) (D:4)
  An orc wizard (D:4)
  7 adders
  5 dart slugs
  A ribbon worm (D:4)
  6 orcs
  7 ball pythons
  4 endoplasms
  2 giant cockroaches
  5 goblins
  8 hobgoblins
  5 jackals
  8 kobolds
  2 quokkas
  3 bats
  A frilled lizard (D:3)
  4 rats
75 creatures vanquished.

Notes
Turn   | Place    | Note
-------+----------+-------------------------------------------
     0 | D:1      | Gadfly the Spriggan Enchanter began the quest for the Orb.
     0 | D:1      | Reached XP level 1. HP: 9/9 MP: 5/5
   126 | D:1      | Reached XP level 2. HP: 5/14 MP: 6/6
   208 | D:1      | Learned a level 2 spell: Ensorcelled Hibernation
   643 | D:2      | Reached skill level 1 in Evocations
   643 | D:2      | Reached XP level 3. HP: 7/17 MP: 0/8
   785 | D:2      | Found a hide-covered altar of Uskayaw.
   818 | D:2      | Found a faded altar of an unknown god.
  1104 | D:2      | Identified the +1 chain mail of Orthodoxy {Will+ Dex+5
                  | Stlth+}
  1222 | D:2      | Reached skill level 1 in Fighting
  1229 | D:2      | Reached XP level 4. HP: 15/22 MP: 0/9
  1478 | D:3      | Reached skill level 5 in Stealth
  1627 | D:3      | Learned a level 3 spell: Confusing Touch
  1631 | D:3      | Learned a level 3 spell: Tukima's Dance
  2337 | D:4      | Reached XP level 5. HP: 19/25 MP: 3/11
  2435 | D:4      | Found a hazy altar of Hepliaklqana.
  2440 | D:4      | Found a white marble altar of Elyvilon.
  2442 | D:4      | Found a hide-covered altar of Uskayaw.
  2442 | D:4      | Found a glowing golden altar of the Shining One.
  2442 | D:4      | Found a radiant altar of Vehumet.
  2442 | D:4      | Found an opulent altar of Gozag.
  2444 | D:4      | Found a blossoming altar of Fedhas.
  2447 | D:4      | Became a worshipper of Gozag Ym Sagoz the Greedy
  2449 | D:4      | Found a shimmering altar of Xom.
  2451 | D:4      | Found an ancient bone altar of Kikubaaqudgha.
  2518 | D:4      | Found a runed translucent door.
  2518 | D:4      | Noticed GrumpyGrim72's ghost (weakling DECj)
  2947 | D:4      | Noticed Natasha
  2954 | D:4      | Killed Natasha
  3350 | D:4      | Noticed Natasha
  3355 | D:4      | Killed Natasha
  3513 | D:4      | Noticed Natasha
  3554 | D:4      | Killed Natasha
  3577 | D:4      | Killed GrumpyGrim72's ghost
  3578 | D:4      | Reached XP level 6. HP: 17/30 MP: 8/12
  3666 | D:5      | Entered Level 5 of the Dungeon
  3862 | D:5      | Killed from afar by an orc priest

Illustrated notes

Levels and vault maps discovered:
D:1:      dpeg_arrival_tiny_j, layout_rooms, chequers_avenue
D:2:      layout_rooms, shapermc_ecumenical_altar_totnotflames, basic_altar,
          minmay_bisected
D:3:      layout_rooms
D:4:      layout_basic, minitemple, hellmonk_ghost_happy_afterlife, uniq_natasha
D:5:      minmay_angry_zag, layout_loops_ring, uniq_ijyb

Skill      XL: |  1  2  3  4  5  6 |
---------------+-------------------+-----
Dodging        | 3 4 |  4.2
Evocations     | 1 2 3 |  3.0
Spellcasting   | 3 4 |  4.0
Hexes          | 4 |  4.5
Fighting       | 1 |  1.9
Stealth        | 5 |  5.8
Short Blades   | 2 |  2.8

Action                     |  1- 3 |  4- 6 || total
---------------------------+-------+-------++-------
  Melee: Dagger            |    71 |   113 ||   184
         Punch             |       |     1 ||     1
   Cast: Ensorcelled Hiber |    18 |    30 ||    48
         Confusing Touch   |       |     1 ||     1
    Use: Scroll            |     4 |     7 ||    11
   Stab: Sleeping          |    18 |    33 ||    51
         Confused          |       |     1 ||     1
 Armour: Robe              |    23 |    25 ||    48
  Dodge: Dodged            |    62 |    54 ||   116
